 Dungeon Crawl Stone Soup version 0.17-a0-1447-g3d113ad (webtiles) character file.

340 pulse the Shield-Bearer (level 6, -2/58 HPs)
             Began as a Gargoyle Fighter on June 29, 2015.
             Slain by Menkaure (4 damage)
             ... on level 4 of the Dungeon.
             The game lasted 00:07:33 (3645 turns).

pulse the Shield-Bearer (Gargoyle Fighter)          Turns: 3645, Time: 00:07:34

Health: -2/58      AC: 16    Str: 25    XL:     6   Next: 56%
Magic:  6/6        EV:  5    Int:  9    God:
Gold:   180        SH: 10    Dex: 10    Spells: 0 memorised, 5 levels left

rFire  . . .     SeeInvis .     t - +0 mace (crush)
rCold  . . .     Clarity  .     p - +0 plate armour
rNeg   + + .     SustAt   .     c - +0 shield
rPois  ∞         Gourm    .     (no helmet)
rElec  +         Spirit   .     (no cloak)
rCorr  .         Warding  .     (no gloves)
rMut   .         Stasis   .     (no boots)
MR     .....                    w - amulet of rage
Stlth  ..........               (no ring)
                                e - ring of positive energy

@: berserking, very slightly contaminated, very quick, not resistant to hostile
enchantments, extremely unstealthy
A: negative energy resistance 1, electricity resistance, unbreathing,
petrification resistance, rot immunity, AC +4
a: Evoke Berserk Rage


You were on level 4 of the Dungeon.
You were not hungry.

You visited 1 branch of the dungeon, and saw 4 of its levels.

You collected 180 gold pieces.

Inventory:

Hand weapons
 t - a +0 mace of crushing (weapon)
 v - a +0 flail
Armour
 c - a +0 shield (worn)
 p - a +0 plate armour (worn)
Jewellery
 e - a ring of positive energy (left hand)
 w - an amulet of rage (around neck)
Scrolls
 a - a scroll of enchant armour {unknown}
 h - 2 scrolls of enchant weapon {unknown}
 j - a scroll of remove curse {unknown}
 l - 3 scrolls of random uselessness {unknown}
 m - 3 scrolls of teleportation {unknown}
 n - 3 scrolls of fog {unknown}
 y - a scroll of recharging {unknown}
Potions
 d - a potion of might
 f - a potion of haste
 i - 3 potions of ambrosia
 k - a potion of lignification
 u - a potion of invisibility {unknown}
 z - a potion of curing {unknown}
 A - 2 potions of resistance {unknown}
 B - a potion of heal wounds {unknown}
Comestibles
 b - 2 bread rations
 g - a fruit
 o - 2 meat rations
 x - 2 chunks of flesh


   Skills:
 + Level 4.4 Fighting
 + Level 3.0 Maces & Flails
 + Level 4.8 Armour
 + Level 1.4 Dodging
 + Level 0.2 Stealth
 + Level 5.2 Shields


You had 5 spell levels left.
You didn't know any spells.

Dungeon Overview and Level Annotations

Branches:
Dungeon (4/15)
 Temple: D:4-7

Altars:

Annotations:
D:4 Menkaure


Innate Abilities, Weirdness & Mutations

You are resistant to torment.
Your stone body is resilient (AC +4).
You are immune to poison.
You resist negative energy.
You are resistant to electric shocks.
You can survive without breathing.
You are immune to petrification.
You are immune to rotting.


Message History

You are very lightly contaminated with residual magic.
As you read the scroll of blinking, it crumbles to dust.
It was a potion of poison.
You feel slightly nauseous.
It was a potion of berserk rage.
A red film seems to cover your vision as you go berserk!
You feel yourself moving faster!
You feel mighty! Menkaure casts a spell at you. Pain shoots through your body!
* * * LOW HITPOINT WARNING * * *
You feel a strong urge to attack something.
Your plate armour prevents you from hitting Menkaure.
Menkaure barely misses you.
You sock Menkaure!
Menkaure is heavily damaged.
Menkaure hits you!
* * * LOW HITPOINT WARNING * * *
Your shield and plate armour prevent you from hitting Menkaure.
Menkaure is heavily damaged.
Menkaure hits you.
You die...

##.#
#......##.##.#
.>#
#.........##.#
#..."###..##.#
#....#....)..##
#.............#
##.#.....####.#
###.#.# .#
#M#.# .#
.###.###@#.# .#
.........#.# .#
.###.#####.#
#.#


You could see Menkaure.

Vanquished Creatures
  A scorpion (D:4)
  3 worker ants
  Natasha (D:4)
  9 gnolls
  2 adders
  An ooze (D:2)
  4 giant geckos
  6 orcs (D:3)
  17 bats
  6 giant cockroaches
  7 goblins
  9 hobgoblins
  2 jackals (D:2)
  2 quokkas (D:2)
  2 ball pythons (D:3)
  5 giant newts
  4 kobolds
  11 rats
92 creatures vanquished.

Notes
Turn   | Place    | Note
--------------------------------------------------------------
     0 | D:1      | pulse the Gargoyle Fighter began the quest for the Orb.
     0 | D:1      | Reached XP level 1. HP: 14/14 MP: 1/1
    79 | D:1      | Reached XP level 2. HP: 19/19 MP: 2/2
   220 | D:1      | Reached XP level 3. HP: 20/24 MP: 3/3
  1517 | D:1      | Reached XP level 4. HP: 12/29 MP: 4/4
  1748 | D:1      | Reached skill level 4 in Armour
  1999 | D:2      | Reached skill level 1 in Dodging
  2543 | D:3      | Reached XP level 5. HP: 33/33 MP: 5/5
  3526 | D:4      | Reached skill level 5 in Shields
  3526 | D:4      | Reached XP level 6. HP: 37/39 MP: 6/6
  3629 | D:4      | Noticed Menkaure
  3631 | D:4      | Noticed Natasha
  3636 | D:4      | Killed Natasha
  3644 | D:4      | HP: 1/58 [Menkaure (10)]
  3645 | D:4      | Slain by Menkaure

Vault maps used:
D:1:      dpeg_arrival_central
D:3:      first_bread
D:4:      black_bear_nest_1, uniq_duvessa, uniq_menkaure, uniq_natasha

Action                   |  1- 3 |  4- 6 || total
-------------------------+-------+-------++-------
Melee: Flail             |   130 |       ||   130
       Whip              |    11 |   163 ||   174
       Mace              |       |   105 ||   105
  Use: Scroll            |     3 |     3 ||     6
       Potion            |       |     2 ||     2
  Eat: Bread ration      |     1 |       ||     1
       Chunk             |       |     5 ||     5
